 Dungeon Crawl Stone Soup version 0.26-a0-40-gfe7b5d5a6f (webtiles) character file.

Game seed: 8659162120774975019, levelgen mode: deterministic

451 Majang the Sneak (level 7, -5/34 HPs)
             Began as a Vine Stalker Assassin on June 1, 2020.
             Was an Initiate of Cheibriados.
             Slain by an orc warrior
             ... wielding a +0 war axe
              (9 damage)
             ... on level 3 of the Dungeon.
             The game lasted 00:17:37 (4179 turns).

Majang the Sneak (Vine Stalker Assassin)            Turns: 4179, Time: 00:17:38

Health: -5/34      AC:  8    Str: 17    XL:     7   Next: 4%
Magic:  0/8        EV: 11    Int: 12    God:    Cheibriados [......]
Gold:   176        SH:  5    Dex: 16    Spells: 6/6 levels left

rFire    + . .     SeeInvis .     - Unarmed
rCold    . . .     Gourm    .   (no shield)
rNeg     . . .     Faith    .   i - +2 ring mail {rF+}
rPois    .         Spirit   +   (no helmet)
rElec    .         Reflect  +   c - +0 cloak
rCorr    .         Harm     .   (no gloves)
MR       .....                  (no boots)
Stlth    ++........             r - amulet of reflection
HPRegen  0.51/turn              u - ring of attention (curse)
MPRegen  0.11/turn              (no ring)

@: very slow
A: fangs 2, regeneration 1, magic shield, antimagic bite, no potion heal 3, rot
immunity
a: Bend Time, Renounce Religion


You were on level 3 of the Dungeon.
You worshipped Cheibriados.
Cheibriados was noncommittal.
You were not hungry.

You visited 2 branches of the dungeon, and saw 5 of its levels.

You collected 176 gold pieces.

Inventory:

Missiles
 d - 21 poisoned darts (quivered)
 e - 2 curare-tipped darts
Armour
 c - a +0 cloak (worn)
 h - a +0 leather armour
 i - a +2 ring mail of fire resistance (worn)
Jewellery
 r - an amulet of reflection (around neck)
 u - a cursed ring of attention (left hand)
Wands
 k - a wand of flame (17)
Scrolls
 a - 2 scrolls of identify
 g - a scroll of noise {unknown}
 j - 2 scrolls of fog {unknown}
 l - a scroll of blinking {unknown}
 m - 4 scrolls of enchant weapon {unknown}
 n - 2 scrolls of teleportation
 o - a scroll of amnesia {unknown}
 q - a scroll of remove curse {unknown}
 s - a scroll of immolation {unknown}
Potions
 b - 2 potions of curing {unknown}
 t - 2 potions of cancellation {unknown}
Comestibles
 f - 6 rations
 p - 4 chunks of flesh


   Skills:
 + Level 1.9 Fighting
   Level 1.7 Short Blades
 - Level 1.7 Throwing
 + Level 0.4 Armour
 + Level 1.0 Dodging
 + Level 7.0 Stealth
 * Level 5.4 Unarmed Combat
 + Level 0.4 Invocations


You had 6 spell levels left.
You didn't know any spells.
Your spell library was empty.

Dungeon Overview and Level Annotations

Branches:
Dungeon (4/15)             Temple (1/1) D:4

Altars:
Ashenzari
Cheibriados
Dithmenos
Elyvilon
Gozag
Hepliaklqana
Kikubaaqudgha
Nemelex Xobeh
Okawaru
Qazlal
Ru
Sif Muna
Trog
Uskayaw
Vehumet
Wu Jian
Xom
Yredelemnul
Zin

Annotations:
D:2 1 runed translucent door


Innate Abilities, Weirdness & Mutations

You have extremely sharp teeth.
Your natural rate of healing is unusually fast.
When hurt, damage is shared between your health and your magic reserves.
Your bite disrupts and absorbs the magic of your enemies.
Potions cannot restore your health.
You are immune to rotting.


Message History

The orc warrior hits you with a +0 war axe.
The orc wizard gestures wildly while chanting.
The orc wizard blinks!
There is a stone staircase leading up here.
You hit the orc warrior but do no damage.
Your bite misses the orc warrior.
The orc warrior is heavily wounded.
The orc warrior hits you with a +0 war axe!
* * * LOW HITPOINT WARNING * * *
You climb upwards.
There is a stone staircase leading down here.
You hit the orc warrior but do no damage.
The orc warrior is heavily wounded.
The orc warrior hits you with a +0 war axe!
* * * LOW HITPOINT WARNING * * *
You hit the orc warrior but do no damage.
You bite the orc warrior, but do no damage.
The orc warrior is moderately wounded.
The orc warrior hits you with a +0 war axe!
You die...

#....)......##.......
#..........#####....#
#..........##.#######
#....<.....##.....##.
#....................
#####...........#####
#...<..[..).# ##.
####o.........####..
#!.@..........).....
#.##.#...........#..
###.##....<....###.#.#
#.......#.......##...#
#...............##...#
##.....###.......##....
###......#
##.....#.....#
#......###
##...#....... #.....)#
#.......#.#)


You could see an orc warrior.

Vanquished Creatures
  An ogre (D:4)
  A howler monkey (D:4)
  A hound (D:3)
  2 orc priests (D:4)
  An orc wizard (D:4)
  10 adders
  A shadow imp (D:4)
  2 oozes
  7 worms
  2 dart slugs
  4 leopard geckos
  6 orcs
  6 bats
  3 giant cockroaches
  3 goblins
  4 hobgoblins
  7 jackals
  8 kobolds
  A quokka (D:3)
  2 ball pythons
  5 frilled lizards
  A goblin skeleton (D:2)
  11 rats
89 creatures vanquished.

Notes
Turn   | Place    | Note
-------+----------+-------------------------------------------
     0 | D:1      | Majang the Vine Stalker Assassin began the quest for the
                  | Orb.
     0 | D:1      | Reached XP level 1. HP: 11/11 MP: 2/2
   453 | D:1      | Reached skill level 5 in Stealth
   507 | D:1      | Reached skill level 1 in Unarmed Combat
   558 | D:1      | Reached XP level 2. HP: 6/15 MP: 0/3
  1751 | D:2      | Reached XP level 3. HP: 8/18 MP: 2/4
  2318 | D:2      | Gained mutation: Your natural rate of healing is unusually
                  | fast. [Vine Stalker growth]
  2318 | D:2      | Reached XP level 4. HP: 18/23 MP: 3/5
  2599 | D:2      | Found a runed translucent door.
  2599 | D:2      | Noticed a human
  2604 | D:2      | Found a basalt altar of Yredelemnul.
  2901 | D:2      | Reached skill level 6 in Stealth
  2901 | D:2      | Reached XP level 5. HP: 26/26 MP: 6/6
  3155 | D:3      | Found a shattered altar of Ashenzari.
  3323 | D:3      | Noticed a moth of wrath
  3325 | D:3      | Found a bloodstained altar of Trog.
  3698 | D:4      | Reached XP level 6. HP: 12/30 MP: 2/7
  3786 | D:4      | Found a radiant altar of Vehumet.
  3830 | D:4      | Found a staircase to the Ecumenical Temple.
  3837 | Temple   | Entered the Ecumenical Temple
  3979 | D:4      | Reached skill level 5 in Unarmed Combat
  4056 | D:4      | Found a snail-covered altar of Cheibriados.
  4074 | D:4      | Became a worshipper of Cheibriados the Contemplative
  4159 | D:4      | Noticed an orc warrior
  4166 | D:4      | Reached skill level 1 in Dodging
  4166 | D:4      | Reached skill level 7 in Stealth
  4166 | D:4      | Reached XP level 7. HP: 34/34 MP: 8/8
  4179 | D:3      | Slain by an orc warrior

Illustrated notes

Levels and vault maps discovered:
D:1:      kennysheep_arrival_seaside, layout_basic
D:2:      layout_loops_ring, dk_yredelemnul_ordeal
D:3:      layout_rooms, nicolae_ashenzari_panopticon, tgw_trog
D:4:      kennysheep_big_flooded_room, layout_loops_ring, vehumet_altar_wand_db,
          kennysheep_slug_shrine, temple_fountains, first_ration,
          fedhas_altar_fruit_tree
Temple:   nicolae_temple_x_marks_the_god

Skill      XL: |  1  2  3  4  5  6 |
---------------+-------------------+-----
Stealth        | 5 6 7 |  7.0
Unarmed Combat | 1 2 3 4 5 |  5.4
Dodging        | 1 |  1.0
Fighting       | |  1.9
Short Blades   | |  1.7
Throwing       | |  1.7
Armour         | |  0.4
Invocations    | |  0.4

Action                   |  1- 3 |  4- 6 |  7- 9 || total
-------------------------+-------+-------+-------++-------
Melee: Unarmed           |   144 |   235 |    10 ||   389
       Bite              |    38 |    75 |     3 ||   116
       Punch             |       |     4 |       ||     4
Evoke: Wand              |       |     4 |       ||     4
  Use: Scroll            |       |     3 |       ||     3
 Stab: Sleeping          |     1 |     5 |       ||     6
  Eat: Chunk             |     1 |     6 |       ||     7
       Ration            |     1 |       |       ||     1
Armor: Robe              |    17 |       |       ||    17
       Ring mail         |    36 |    88 |       ||   124
       Leather armour    |     2 |       |       ||     2
Dodge: Dodged            |    74 |    98 |     1 ||   173
Block: Other             |       |    17 |     1 ||    18

Table legend:
 A = Non-vault XP
 B = Vault XP
 C = Vault XP percentage of total XP
 D = Non-vault monster count
 E = Vault monster count
 F = Vault count percentage of total count
                 A         B        C        D         E       F
            +---------+---------+-------+---------+---------+-------
      Total |     629 |      16 |   2.5 |      81 |       8 |   9.0
            +---------+---------+-------+---------+---------+-------
        D:1 |      32 |       0 |   0.0 |      16 |       0 |   0.0
        D:2 |     138 |       1 |   0.7 |      29 |       1 |   3.3
        D:3 |     143 |       9 |   5.9 |      26 |       5 |  16.1
        D:4 |     315 |       6 |   1.9 |       9 |       2 |  18.2
     Temple |       1 |       0 |   0.0 |       1 |       0 |   0.0
            +---------+---------+-------+---------+---------+-------
